 Dungeon Crawl Stone Soup version 0.25-a0-670-g50981ef59b (webtiles) character file.

Game seed: 14663828080233566108, levelgen mode: deterministic

35 DerDa the Firebug (level 3, 0/24 HPs)
             Began as a Demonspawn Fire Elementalist on Mar 29, 2020.
             Slain by Natasha (3 damage)
             ... on level 2 of the Dungeon.
             The game lasted 00:05:15 (1306 turns).

DerDa the Firebug (Demonspawn Fire Elementalist)    Turns: 1306, Time: 00:05:15

Health: 0/24       AC:  3    Str:  8    XL:     3   Next: 17%
Magic:  0/6        EV: 12    Int: 17    God:
Gold:   37         SH:  0    Dex: 13    Spells: 6/7 levels left

rFire    . . .     SeeInvis .   d - +0 spear
rCold    + . .     Gourm    .   (no shield)
rNeg     . . .     Faith    .   a - +0 robe
rPois    .         Spirit   .   (no helmet)
rElec    .         Reflect  .   m - +0 cloak
rCorr    .         Harm     .   (no gloves)
MR       .....                  (no boots)
Stlth    ++........             n - amulet of the acrobat
HPRegen  0.08/turn              (no ring)
MPRegen  0.10/turn              (no ring)

@: no status effects
A: cold resistance 1
a: no special abilities


You were on level 2 of the Dungeon.
You were not hungry.

You visited 1 branch of the dungeon, and saw 2 of its levels.

You collected 37 gold pieces.

Inventory:

Hand Weapons
 d - a +0 spear (weapon)
Missiles
 h - 13 poisoned darts (quivered)
 i - 3 boomerangs
 l - 5 stones
 p - 3 sling bullets
Armour
 a - a +0 robe (worn)
 m - a +0 cloak (worn)
Jewellery
 n - an amulet of the acrobat (around neck)
Scrolls
 b - 3 scrolls of remove curse {unknown}
 e - a scroll of blinking {unknown}
 g - 2 scrolls of identify {unknown}
 k - a scroll of teleportation {unknown}
Potions
 f - a potion of berserk rage {unknown}
 j - 3 potions of curing {unknown}
Comestibles
 c - 3 rations
 o - a chunk of flesh


   Skills:
 - Level 1.7 Dodging
 - Level 1.7 Stealth
 * Level 2.6 Spellcasting
 * Level 1.9 Conjurations
 * Level 3.1 Fire Magic


You had 6 spell levels left.
You knew the following spells:

 Your Spells              Type           Power        Failure   Level  Hunger
a - Foxfire               Conj/Fire      ##..         6%          1    #......

Your spell library contained the following spells:

 Spells                   Type           Power        Failure   Level  Hunger
 Conjure Flame            Conj/Fire      ##......     19%         3    ###....
 Inner Flame              Hex/Fire       #.......     28%         3    ###....
 Sticky Flame             Conj/Fire      ##......     54%         4    #####..
 Fireball                 Conj/Fire      ##........   87%         5    ######.


Dungeon Overview and Level Annotations

Branches:
Dungeon (2/15)

Altars:
Cheibriados
Elyvilon
Nemelex Xobeh
Vehumet
Wu Jian

Annotations:
D:2 Natasha


Innate Abilities, Weirdness & Mutations

Your flesh is cold resistant. (rC+)


Message History

Natasha is severely wounded.
The white imp hits you. The white imp freezes you. You resist.
Natasha casts a spell.
The shadow imp summons a swarm of flies.
The white imp misses you.
Attack whom?
Press: ? - help, Dir - move target cursor, f/p - Natasha
Aim: Natasha (severely wounded)
The white imp is in the way.
You hit the white imp.
You kill the white imp!
Natasha casts a spell at you. The magic dart hits you!
* * * LOW HITPOINT WARNING * * *
The crimson imp hits you.
* * * LOW HITPOINT WARNING * * *
The crimson imp hits you.
* * * LOW HITPOINT WARNING * * *
There is an escape hatch in the ceiling here.
Natasha claws you.
You die...

##..#...# #......)#
#.#.#...# # [.......# .#
........####...
............._..
###....5..# .
#_##...5h.# .#
###..##..@..###.#
#..#..#.........#
#...#.#.......[.#####
#.#...#......#....#.#.
##.#.##.)............
#...#.#............####.
#.
#.#...#####...##.......
##.### #..#..#
###...##.#.## .....#
##..### ##...>.....[##


You could see Natasha, a crimson imp and a shadow imp.

Vanquished Creatures
  An ooze (D:1)
  2 dart slugs (D:1)
  2 giant cockroaches
  4 goblins (D:1)
  3 hobgoblins
  4 jackals (D:1)
  3 kobolds
  A ball python (D:1)
  2 bats (D:1)
  A frilled lizard (D:1)
  3 rats (D:1)
26 creatures vanquished.

Vanquished Creatures (others)
  67 foxfires
67 creatures vanquished.

Grand Total: 93 creatures vanquished

Notes
Turn   | Place    | Note
-------+----------+-------------------------------------------
     0 | D:1      | DerDa the Demonspawn Fire Elementalist began the quest for
                  | the Orb.
     0 | D:1      | Reached XP level 1. HP: 13/13 MP: 3/3
     0 | D:1      | Noticed a felid
     1 | D:1      | Noticed an elf
     1 | D:1      | Noticed a troll
     4 | D:1      | Noticed a naga
     7 | D:1      | Noticed a vampire
     8 | D:1      | Noticed a vampire
    13 | D:1      | Noticed a felid
    15 | D:1      | Noticed an elf
    15 | D:1      | Noticed a human
    17 | D:1      | Noticed a troll
    17 | D:1      | Noticed a gargoyle
    17 | D:1      | Noticed a draconian
    19 | D:1      | Noticed a centaur
    23 | D:1      | Noticed a ghoul
   361 | D:1      | Gained mutation: Your flesh is cold resistant. (rC+)
                  | [demonic ancestry]
   361 | D:1      | Reached XP level 2. HP: 13/19 MP: 1/5
   675 | D:1      | Found a sparkling altar of Nemelex Xobeh.
   747 | D:1      | Reached skill level 3 in Fire Magic
   837 | D:1      | Reached XP level 3. HP: 24/24 MP: 1/6
  1191 | D:2      | Found an ornate altar of the Wu Jian Council.
  1200 | D:2      | Found a white marble altar of Elyvilon.
  1245 | D:2      | Found a radiant altar of Vehumet.
  1295 | D:2      | Noticed Natasha
  1300 | D:2      | Found a snail-covered altar of Cheibriados.
  1306 | D:2      | Slain by Natasha

Levels and vault maps discovered:
D:1:      shiori_arrival_whats_in_store_for_you, layout_loops_ring,
          wad_floor_pattern_1, nemelex_diamond_rough_becter
D:2:      minmay_recursive_quarters, layout_rooms, marbit_many_paths,
          old_standard_altar, nicolae_overflow_crystal_walls,
          grunt_temple_overflow_open, hangedman_abyss_or_decor_stabs,
          uniq_natasha

Skill      XL: |  1  2 |
---------------+-------+-----
Fire Magic     | 3 |  3.1
Dodging        | |  1.7
Stealth        | |  1.7
Spellcasting   | |  2.6
Conjurations   | |  1.9

Action                   || total
-------------------------++-------
Melee: Unarmed           ||    41
       Spear             ||    14
 Cast: Foxfire           ||    46
  Eat: Chunk             ||     2
Armor: Robe              ||    12
Dodge: Dodged            ||    55

Table legend:
 A = Non-vault XP
 B = Vault XP
 C = Vault XP percentage of total XP
 D = Non-vault monster count
 E = Vault monster count
 F = Vault count percentage of total count
                 A         B        C        D         E       F
            +---------+---------+-------+---------+---------+-------
      Total |      49 |       2 |   3.9 |      25 |       1 |   3.8
            +---------+---------+-------+---------+---------+-------
        D:1 |      44 |       0 |   0.0 |      22 |       0 |   0.0
        D:2 |       5 |       2 |  28.6 |       3 |       1 |  25.0
            +---------+---------+-------+---------+---------+-------
